 Dungeon Crawl Stone Soup version 0.30.0-10-gfe55d96785 (webtiles) character file.

Game seed: 2306715517003355056

59 hito the Ruffian (level 3, -1/29 HPs)
             Began as a Draconian Transmuter on May 14, 2023.
             Was a Follower of Vehumet.
             Slain by a gnoll
             ... wielding a +0 whip
              (7 damage)
             ... on level 2 of the Dungeon.
             The game lasted 00:02:59 (1634 turns).

hito the Ruffian (Draconian Transmuter)             Turns: 1634, Time: 00:03:00

Health: -1/29      AC:  2    Str: 12    XL:     3   Next: 78%
Magic:  0/7        EV: 19    Int: 15    God:    Vehumet [*.....]
Gold:   38         SH:  0    Dex: 16    Spells: 1/7 levels left

rFire   . .          .
                       - Unarmed
rCold   . . .        (shield currently unavailable)
rNeg    . . .        (body armour unavailable)
rPois   x            (helmet currently unavailable)
rElec   .            (cloak currently unavailable)
rCorr   .            (gloves currently unavailable)
SInv    .            (boots currently unavailable)
Will    .....        (no amulet)
Stlth   +            (no ring)
HPRegen 0.24/turn    (no ring)
MPRegen 0.10/turn

%: no passive effects
@: lethally poisoned (-1 -> -2), spider-form (expiring), very slightly
contaminated
A: venomous fangs, AC +5, tiny, unfitting armour, (cold-blooded)
a: End Transformation, Renounce Religion


You were on level 2 of the Dungeon.
You worshipped Vehumet.
Vehumet was aware of your devotion.
You were a venomous arachnid creature.
You visited 1 branch of the dungeon, and saw 2 of its levels.

You collected 38 gold pieces.

Inventory:

Scrolls
 b - a scroll of fog {unknown}
 c - 2 scrolls of enchant weapon {unknown}
 e - a scroll of enchant armour {unknown}
 g - a scroll of summoning {unknown}
Potions
 a - a potion of lignification
 d - a potion of curing {unknown}
 f - a potion of haste {unknown}
 h - a potion of attraction {unknown}


   Skills:
 - Level 2.0 Fighting
 - Level 1.7 Dodging
 - Level 3.0 Unarmed Combat
 + Level 2.8 Spellcasting
 + Level 2.9 Transmutations
 + Level 0.6 Poison Magic


You had one spell level left.
You knew the following spells:

 Your Spells              Type           Power      Damage    Failure   Level
a - Beastly Appendage     Tmut           20%        N/A       17%         1
b - Wereblood             Tmut           10%        N/A       24%         2
c - Spider Form           Tmut/Pois      7%         N/A       50%         3

Your spell library contained the following spells:

 Spells                   Type           Power      Damage    Failure   Level
 Kiss of Death            Conj/Necr      8%         2d6       41%         1
 Ice Form                 Ice/Tmut       6%         N/A       88%         4


Dungeon Overview and Level Annotations

Branches:
Dungeon (2/15)

Altars:
Vehumet


Innate Abilities, Weirdness & Mutations

You are a venomous arachnid creature.
You have venomous fangs.
You are tiny and dextrous.
Your spellcasting is less reliable in this form.
Your armour is entirely melded.
You are incapable of wielding weapons or throwing items.
((Your plain brown scales are hard. (AC +5)))
You cannot fit into any form of body armour.
((You are cold-blooded and may be slowed by cold attacks.))


Message History

You bite the gnoll!
The gnoll is poisoned.
The gnoll is severely wounded.
You hit the gnoll.
You kill the gnoll!
Vehumet accepts your kill.
A gnoll comes into view. It is wielding a +0 club.
Found a stone staircase leading up.
The gnoll shouts!
You hear a shout!
Things that are here:
a +0 whip; a +0 spear A gnoll comes into view.
It is wielding a +0 whip.
You hit the gnoll but do no damage. The gnoll closely misses you.
You bite the gnoll!
The gnoll is heavily wounded.
Your transformation has ended.
You closely miss the gnoll. The gnoll hits you with a +0 club.
The gnoll hits you with a +0 whip.
Casting: Spider Form (extremely dangerous; 28% risk of failure)
Confirm with . or Enter, or press ? or * to list all spells.
The spell is extremely dangerous to miscast (28% risk of failure)!
Continue anyway?
You miscast Spider Form.
You are very lightly contaminated with residual magic.
You feel rather nauseous for a moment!
You are poisoned.
You feel sick. The gnoll barely misses you. The gnoll hits you with a +0 whip.
Casting: Spider Form (extremely dangerous; 28% risk of failure)
Confirm with . or Enter, or press ? or * to list all spells.
The spell is extremely dangerous to miscast (28% risk of failure)!
Continue anyway?
You turn into a venomous arachnid creature.
You feel sick. The gnoll barely misses you. The gnoll hits you with a +0 whip.
* * * LOW HITPOINT WARNING * * *
You hit the gnoll but do no damage.
The gnoll is heavily wounded.
You feel sick. The gnoll completely misses you. The gnoll misses you.
You hit the gnoll.
The gnoll is poisoned.
The gnoll is severely wounded.
Your transformation is almost over.
You feel sick. The gnoll completely misses you.
The gnoll hits you with a +0 whip!
You die...

# ..#<## ....###
#.gg# #.. #s###.#
#.)##.#####+##
##.##.#......#
##'##.+..<...+
#.....#......#
#.....#......#
#...)........#
#........#########
#.....##...##.....


You could see 2 gnolls.

Vanquished Creatures
  2 gnolls (D:2)
  4 endoplasms (D:1)
  3 giant cockroaches
  A goblin (D:1)
  5 hobgoblins (D:1)
  3 ball pythons
  8 bats
  3 frilled lizards (D:1)
  6 kobolds
  7 rats (D:1)
42 creatures vanquished.

Notes
Turn   | Place    | Note
-------+----------+-------------------------------------------
     0 | D:1      | hito the Draconian Transmuter began the quest for the Orb.
     0 | D:1      | Reached XP level 1. HP: 16/16 MP: 3/3
   295 | D:1      | Reached XP level 2. HP: 23/23 MP: 3/5
   341 | D:1      | Learned a level 2 spell: Wereblood
   456 | D:1      | Found a faded altar of an unknown god.
   576 | D:1      | Prayed at the altar of an unknown god.
   576 | D:1      | Became a worshipper of Vehumet
   576 | D:1      | Reached * piety under Vehumet
   576 | D:1      | Offered knowledge of Kiss of Death by Vehumet.
  1048 | D:1      | Reached XP level 3. HP: 26/29 MP: 4/6
  1555 | D:2      | Learned a level 3 spell: Spider Form
  1634 | D:2      | Slain by a gnoll

Illustrated notes

Levels and vault maps discovered:
D:1:      dpeg_cavernosity, layout_loops_corners,
          hellmonk_ecumenical_altar_prayer_group, minmay_tall_x
D:2:      layout_basic, uniq_robin

Skill      XL: |  1  2 |
---------------+-------+-----
Fighting       | 2 |  2.0
Dodging        | |  1.7
Unarmed Combat | |  3.0
Spellcasting   | |  2.8
Transmutations | |  2.9
Poison Magic   | |  0.6

Action                     || total
---------------------------++-------
  Melee: Unarmed           ||   105
         Headbutt          ||    10
         Kick              ||    19
         Tailslap          ||     4
         Punch             ||     2
   Cast: Beastly Appendage ||    22
         Spider Form       ||     2
 Armour: Skin              ||    30
  Dodge: Dodged            ||    56
